 Dungeon Crawl Stone Soup version 0.26-a0-808-g930a2b7adc (webtiles) character file.

Game seed: 5905000300048706389

5227 Notrik the Fighter (level 10, -11/87 HPs)
             Began as a Formicid Fighter on Nov 12, 2020.
             Was a Priest of Okawaru.
             Killed from afar by PanSaczeczos's ghost (22 damage)
             ... with a stone arrow
             ... on level 8 of the Dungeon.
             The game lasted 00:16:11 (8317 turns).

Notrik the Fighter (Formicid Fighter)               Turns: 8317, Time: 00:16:12

Health: -11/87     AC: 17    Str: 31    XL:     10   Next: 92%
Magic:  10/10      EV:  8    Int:  7    God:    Okawaru [***...]
Gold:   245        SH: 12    Dex: 10    Spells: 9/9 levels left

rFire    . . .     SeeInvis +   C - +8 frozen axe "Frostbite" {freezing cloud, *Noise +Fly rC+}
rCold    + . .     Faith    .   c - +0 kite shield
rNeg     . . .     Spirit   .   y - +0 plate armour
rPois    .         Reflect  .   (helmet unavailable)
rElec    .         Harm     .   g - scarf {+Inv}
rCorr    .         Rampage  .   r - +2 pair of gloves
MR       ++...                  (no boots)
Stlth    ..........             (no amulet)
HPRegen  0.24/turn              w - +6 ring of strength
MPRegen  0.12/turn              l - ring of protection from magic

@: no status effects
A: permanent stasis, dig shafts and tunnels, four strong arms, antennae 3
a: Dig, Shaft Self, Heroism, Renounce Religion, Evoke Invisibility, Evoke Flight


You were on level 8 of the Dungeon.
You worshipped Okawaru.
Okawaru was most pleased with you.
You visited 2 branches of the dungeon, and saw 9 of its levels.
You also visited: Sewer.

You collected 342 gold pieces.
You spent 97 gold pieces at shops.

Inventory:

Hand Weapons
 a - a +0 war axe
 h - a +8 dire flail
   (You took it off an ogre on level 5 of the Dungeon)
 C - the +8 frozen axe "Frostbite" (weapon) {freezing cloud, *Noise +Fly rC+}
   (You found it on level 8 of the Dungeon)

   It has been specially enchanted to freeze those struck by it, causing extra
   injury to most foes and up to half again as much damage against particularly
   susceptible opponents.
   It can also slow down cold-blooded creatures.
   It protects you from cold.
   It lets you fly.
   It may make noises in combat.
Armour
 c - a +0 kite shield (worn)
 g - a scarf of invisibility (worn)
   (You found it on level 1 of the Dungeon)
 r - a +2 pair of gloves (worn)
   (You found it on level 3 of the Dungeon)
 y - a +0 plate armour (worn)
   (You found it on level 6 of the Dungeon)
Jewellery
 l - a ring of protection from magic (right hand)
   (You found it on level 6 of the Dungeon)
 w - a +6 ring of strength (left hand)
   (You found it on level 1 of the Dungeon)
Wands
 d - a wand of iceblast (6)
   (You found it on level 6 of the Dungeon)
 m - a wand of enslavement (7)
   (You found it on level 5 of the Dungeon)
 s - a wand of polymorph (10)
   (You found it on level 3 of the Dungeon)
 u - a wand of paralysis (15)
   (You found it on level 8 of the Dungeon)
Scrolls
 b - a scroll of enchant armour
 e - 4 scrolls of teleportation {@r4}
 f - 7 scrolls of identify {@r1}
 j - 4 scrolls of remove curse {@r2}
 q - 5 scrolls of blinking
 t - a scroll of noise {unknown}
 v - a scroll of brand weapon {unknown}
 z - 2 scrolls of magic mapping
 A - 2 scrolls of enchant weapon
 B - a scroll of amnesia {unknown}
 F - a scroll of fear {unknown}
Potions
 i - 3 potions of heal wounds {@q2}
 k - 3 potions of curing {@q1}
 n - 2 potions of degeneration {unknown}
 o - 2 potions of resistance {unknown}
 p - 3 potions of flight
 x - 3 potions of might
 D - a potion of attraction {unknown}
 E - a potion of berserk rage {unknown}
 G - a potion of cancellation {unknown}


   Skills:
 * Level 11.0 Fighting
 + Level 5.8(6.4) Axes
 - Level 3.8(5.4) Maces & Flails
 + Level 8.3 Armour
 + Level 9.1 Shields


You had 9 spell levels left.
You didn't know any spells.
Your spell library contained the following spells:

 Spells                   Type           Power        Failure   Level
 Magic Dart               Conj           #...         98%         1
 Searing Ray              Conj           #.....       99%         2
 Dazzling Flash           Conj/Hex       #.....       100%        3
 Fulminant Prism          Conj/Hex       #.........   100%        4
 Iskenderun's Mystic Bla  Conj/Tloc      #.......     100%        4


Dungeon Overview and Level Annotations

Branches:
Dungeon (8/15)             Temple (1/1) D:6           Sewer (visited)
   Lair: D:8-11

Altars:
Ashenzari
Cheibriados
Dithmenos
Elyvilon
Fedhas
Gozag
Hepliaklqana
Kikubaaqudgha
Makhleb
Okawaru
Qazlal
Ru
Sif Muna
Trog
Uskayaw
Vehumet
Wu Jian
Yredelemnul
Zin
The Shining One

Shops:
D:6 *

Annotations:
D:8 PanSaczeczos's ghost, novice DrEE


Innate Abilities, Weirdness & Mutations

You cannot be hasted, slowed, berserked, paralysed or teleported.
You can dig through walls and to a lower floor.
Your four strong arms can wield two-handed weapons with a shield.
You have a pair of large antennae on your head. (SInv)


Message History

The five-headed hydra grows two more!
You slice the seven-headed hydra!! You freeze the seven-headed hydra.
You hit PanSaczeczos's ghost but do no damage.
You slice the orc!! You freeze the orc.
You kill the orc!
Okawaru accepts your kill.
The seven-headed hydra bites you but does no damage.
You block the seven-headed hydra's attack.
The seven-headed hydra barely misses you.
The seven-headed hydra bites you but does no damage.
The seven-headed hydra bites you.
* * * LOW HITPOINT WARNING * * *
The seven-headed hydra bites you but does no damage.
You block the seven-headed hydra's attack.
PanSaczeczos's ghost barely misses you. The seven-headed hydra bites you.
* * * LOW HITPOINT WARNING * * *
You block the seven-headed hydra's attack.
The seven-headed hydra bites you but does no damage. x2
The seven-headed hydra bites you.
* * * LOW HITPOINT WARNING * * *
The seven-headed hydra bites you.
* * * LOW HITPOINT WARNING * * *
The seven-headed hydra bites you.
* * * LOW HITPOINT WARNING * * *
PanSaczeczos's ghost barely misses you.
The giant cockroach bites you but does no damage.
You chop one of the seven-headed hydra's heads off!
The six-headed hydra grows two more!
You slash the eight-headed hydra! You freeze the eight-headed hydra.
You hit the giant cockroach. You freeze the giant cockroach.
You kill the giant cockroach!
Okawaru accepts your kill.
You hit PanSaczeczos's ghost but do no damage.
You block the eight-headed hydra's attack. x3
The eight-headed hydra bites you but does no damage. x2
The eight-headed hydra bites you.
* * * LOW HITPOINT WARNING * * *
The eight-headed hydra bites you but does no damage. x2
PanSaczeczos's ghost hits you but does no damage.
The eight-headed hydra bites you!
* * * LOW HITPOINT WARNING * * *
The eight-headed hydra bites you but does no damage.
The eight-headed hydra closely misses you.
The eight-headed hydra bites you but does no damage. x2
The eight-headed hydra bites you.
* * * LOW HITPOINT WARNING * * *
The eight-headed hydra bites you but does no damage. x2
PanSaczeczos's ghost casts a spell at you.
The stone arrow hits you!!
You die...

#.....## ##....### #.....#
#...(.#.. #.....#
#........ #.....#
#....#... #...############
##...#...
#...###...##.8∩## #...##.#
#....#....#$$$..###...##.#
#....#<...)$...8#.....)..#
#....#...@D._8.∩#........#
#....#....W$...8#........#
#...)#....#$$$.∩###....###
#....'....##.8.####....###
#...###...######.##.......
#...###...###....##.......
#................#........
#................##...###.
#................##...###.


You could see an eight-headed hydra and PanSaczeczos's ghost.

Vanquished Creatures
  A two-headed ogre (D:8)
  A gargoyle (D:8)
  The ghost of WobbleTop the Stinger, a novice OpVM (D:5)
  A yak (D:8)
  Sigmund (D:4)
  Eustachio (D:6)
  A steam dragon (D:6)
  A water moccasin (D:7)
  4 ice beasts
  A phantom (D:7)
  A sky beast (D:5)
  4 centaurs
  6 ogres
  2 big kobolds
  4 bullfrogs
  3 scorpions
  A water moccasin skeleton (D:7)
  3 wights (D:8)
  4 howler monkeys
  A centaur zombie (D:5)
  A bullfrog zombie (D:7)
  5 hounds
  A jelly (D:6)
  A gnoll shaman (D:6)
  2 orc priests
  3 bullfrog skeletons
  5 orc wizards
  2 iguanas
  6 worker ants
  A killer bee zombie (D:7)
  A hound skeleton (D:6)
  A howler monkey zombie (D:8)
  Robin (D:4)
  A howler monkey skeleton (D:5)
  8 gnolls
  11 adders
  4 river rats
  A white imp (D:6)
  An adder skeleton (D:3)
  An adder zombie (D:6)
  3 worms
  3 dart slugs
  5 leopard geckos
  28 orcs
  4 bats
  10 giant cockroaches
  8 goblins
  6 hobgoblins
  8 jackals
  4 quokkas
  2 ball pythons
  4 frilled lizards
  A jackal skeleton (D:7)
  A jackal zombie (D:7)
  14 kobolds
  A leopard gecko skeleton (D:4)
  A quokka skeleton (D:6)
  6 rats
208 creatures vanquished.

Notes
Turn   | Place    | Note
-------+----------+-------------------------------------------
     0 | D:1      | Notrik the Formicid Fighter began the quest for the Orb.
     0 | D:1      | Reached XP level 1. HP: 18/18 MP: 1/1
    98 | D:1      | Reached XP level 2. HP: 22/24 MP: 2/2
   604 | D:2      | Reached XP level 3. HP: 26/30 MP: 3/3
   640 | D:2      | Reached skill level 4 in Fighting
   656 | D:2      | Reached XP level 4. HP: 36/37 MP: 4/4
  1536 | D:3      | Reached XP level 5. HP: 43/43 MP: 5/5
  1784 | D:3      | Noticed an ice beast
  1799 | D:3      | Killed an ice beast
  1799 | D:3      | Reached skill level 5 in Fighting
  1799 | D:3      | Reached XP level 6. HP: 20/51 MP: 6/6
  2293 | D:3      | Reached skill level 5 in Shields
  2564 | D:4      | Found a stormy altar of Qazlal.
  2699 | D:4      | Found a glowing drain.
  2712 | Sewer    | Entered a sewer
  2996 | Sewer    | Reached XP level 7. HP: 38/57 MP: 7/7
  3111 | Sewer    | Found a white marble altar of Elyvilon.
  3803 | D:4      | Noticed Sigmund
  3816 | D:4      | Killed Sigmund
  3816 | D:4      | Reached skill level 6 in Fighting
  3816 | D:4      | Reached skill level 5 in Armour
  3826 | D:4      | Noticed Robin
  3837 | D:4      | Killed Robin
  4036 | D:5      | Entered Level 5 of the Dungeon
  4039 | D:5      | Found a hide-covered altar of Uskayaw.
  4066 | D:5      | Reached XP level 8. HP: 24/65 MP: 8/8
  4516 | D:5      | Reached skill level 7 in Fighting
  5022 | D:5      | Found a transporter.
  5219 | D:5      | Found a transporter.
  5259 | D:5      | Noticed WobbleTop's ghost (novice OpVM)
  5408 | D:5      | Killed WobbleTop's ghost
  5408 | D:5      | Reached skill level 8 in Fighting
  5408 | D:5      | Reached skill level 5 in Axes
  5408 | D:5      | Reached XP level 9. HP: 17/74 MP: 9/9
  5776 | D:6      | Found a snail-covered altar of Cheibriados.
  5832 | D:6      | Reached skill level 1 in Maces & Flails
  5839 | D:6      | Noticed Eustachio
  5957 | D:6      | Killed Eustachio
  6059 | D:6      | Reached skill level 9 in Fighting
  6171 | D:6      | Found a staircase to the Ecumenical Temple.
  6213 | Temple   | Entered the Ecumenical Temple
  6403 | Temple   | Became a worshipper of Warmaster Okawaru
  6608 | D:6      | Found Wiywkyorch's General Store.
  6741 | D:6      | Bought a scroll of enchant weapon for 97 gold pieces
  6974 | D:7      | Reached * piety under Okawaru
  6974 | D:7      | Reached XP level 10. HP: 56/83 MP: 10/10
  7220 | D:7      | Reached skill level 10 in Fighting
  7457 | D:8      | Found the +8 frozen axe "Frostbite" {freezing cloud, *Noise
                  | +Fly rC+}
  7457 | D:8      | Noticed a gargoyle
  7459 | D:8      | Killed a gargoyle
  7603 | D:8      | Reached ** piety under Okawaru
  7783 | D:8      | Found a runed translucent gate.
  7784 | D:8      | Found a runed translucent gate.
  7784 | D:8      | Found an opulent altar of Gozag.
  7785 | D:8      | Found a runed translucent gate.
  7791 | D:8      | Noticed a four-headed hydra
  7792 | D:8      | Noticed PanSaczeczos's ghost (novice DrEE)
  8025 | D:8      | Noticed a two-headed ogre
  8029 | D:8      | Killed a two-headed ogre
  8185 | D:8      | Reached *** piety under Okawaru
  8304 | D:8      | Reached skill level 11 in Fighting
  8317 | D:8      | Killed from afar by PanSaczeczos's ghost

Illustrated notes

Levels and vault maps discovered:
D:1:      ncdulo_watergridlock, layout_loops_ring
D:2:      layout_loops_ring, grunt_ministairs_12
D:3:      layout_basic
D:4:      layout_loops_ring, nicolae_overflow_crystal_walls,
          gup_sewer_entry_spiral, uniq_robin, uniq_sigmund
D:5:      layout_loops_cross, kennysheep_little_box, gammafunk_ghost_smash
D:6:      wad_pebble_path, layout_loops_ring, minmay_temple_entry_grid,
          serial_shops, shop, cheibriados_altar_1, uniq_eustachio
D:7:      layout_rooms
D:8:      layout_gridville, ebering_ghost_gozag
Temple:   dpeg_five_rooms_temple

Skill      XL: |  1  2  3  4  5  6  7  8  9 10 |
---------------+-------------------------------+-----
Shields        | 4 5 6 7 9 |  9.1
Fighting       | 4 5 6 8 9 11 | 11.0
Armour         | 4 5 6 7 8 |  8.3
Axes           | 3 4 5 |  5.8
Maces & Flails | 2 3 |  3.8

Action                   |  1- 3 |  4- 6 |  7- 9 | 10-12 || total
-------------------------+-------+-------+-------+-------++-------
Melee: War axe           |    52 |   276 |   190 |       ||   518
       Dire flail        |       |       |   102 |    58 ||   160
       Executioner's axe |       |       |       |    45 ||    45
  Use: Scroll            |       |     7 |     2 |       ||     9
       Potion            |       |       |     2 |       ||     2
Armor: Scale mail        |    17 |   129 |    91 |       ||   237
       Plate armour      |       |       |    38 |    71 ||   109
       Skin              |       |       |     1 |       ||     1
Dodge: Dodged            |    18 |    89 |    99 |    35 ||   241
Block: Kite shield       |    25 |   167 |   194 |    97 ||   483

Table legend: (Time is in decaauts)
 A = Elapsed time spent in this place.
 B = Non-inter-level travel time spent in this place.
 C = Inter-level travel time spent in this place.
 D = Time resting spent in this place.
 E = Time spent auto-exploring this place.
 F = Levels seen in this place.
 G = Mean time per level.
                   A        B        C        D        E       F      G
               +--------+--------+--------+--------+--------+-----+--------+
         Total |   8622 |   8414 |    208 |    199 |   6358 |  10 |  862.2 |
       Dungeon |   7875 |   7716 |    159 |    199 |   5769 |   8 |  984.4 |
        Temple |    239 |    190 |     49 |      0 |    188 |   1 |  239.0 |
         Sewer |    506 |    506 |      0 |      0 |    400 |   1 |  506.0 |
               +--------+--------+--------+--------+--------+-----+--------+

Top non-repeatable levels by time:
     D:5: 1774 daAuts
     D:4: 1125 daAuts
     D:3: 1049 daAuts
     D:2: 953 daAuts
     D:8: 890 daAuts
     D:6: 761 daAuts
     D:7: 706 daAuts
     D:1: 614 daAuts
   Sewer: 506 daAuts
  Temple: 239 daAuts
